 Dungeon Crawl Stone Soup version 0.31-a0-1-g4198be8af4 (webtiles) character file.

Game seed: 10307742373855453426

423 subawu the Slasher (level 6, -7/40 (51) HPs)
             Began as a Gnoll Reaver on May 2, 2023.
             Mangled by an ogre
             ... wielding a +0 giant club
              (18 damage)
             ... on level 4 of the Dungeon.
             The game lasted 00:30:51 (6086 turns).

subawu the Slasher (Gnoll Reaver)                   Turns: 6086, Time: 00:30:52

HP:   -7/40 (51)    AC: 19    Str: 13    XL:     6   Next: 95%
MP:   14/14         EV:  9    Int: 13    God:
Gold: 281           SH:  4    Dex: 10    Spells: 14/16 levels left

rFire   . . .        e - +3 dagger (protect)
rCold   . . .        G - +0 buckler
rNeg    . . .        k - +1 scale mail
rPois   .            (no helmet)
rElec   .            F - +2 cloak
rCorr   .            (no gloves)
SInv    .            I - +1 pair of boots {Stlth+}
Will    .....        (no amulet) Stlth
                     (no ring)
HPRegen 0.26/turn    (no ring)
MPRegen 0.14/turn

%: no passive effects
@: silenced, under a protective aura, heavily drained
A: fangs 1, strong nose, distributed training
a: no special abilities


You were on level 4 of the Dungeon.
You visited 1 branch of the dungeon, and saw 5 of its levels.
You also visited: Sewer.

You collected 281 gold pieces.

Inventory:

Hand Weapons
 a - a +0 falchion
 c - a +0 hand axe
 e - a +3 dagger of protection (weapon)
 h - a +0 whip
 i - a +0 spear
 j - a +0 club
 m - a +0 sling
 o - a +0 club
 q - a +0 trident
 t - a +0 short sword
 u - a +0 hand axe
 v - a +0 dagger
 w - a +0 flail
 x - a +0 mace
 z - a +0 spear
 B - a +0 whip
 K - a +0 hand axe
Missiles
 g - 48 stones
 s - 10 poisoned darts
Armour
 b - a +0 leather armour
 d - a +0 robe
 k - a +1 scale mail (worn)
 l - a +0 plate armour
 F - a +2 cloak (worn)
 G - a +0 buckler (worn)
 I - a +1 pair of boots of stealth (worn)
Magical Staves
 y - a staff of death
Jewellery
 r - an amulet of the acrobat
 H - an amulet of reflection
Wands
 f - a wand of charming (13)
Scrolls
 n - 3 scrolls of identify
Potions
 p - a potion of heal wounds
 A - a potion of magic
 C - 2 potions of curing
 D - a potion of haste
 J - a potion of attraction {unknown}


   Skills:
 + Level 5.1 Fighting
 + Level 2.2 Short Blades
 + Level 6.9 Long Blades
 + Level 2.2 Axes
 + Level 2.2 Maces & Flails
 + Level 2.2 Polearms
 + Level 2.2 Staves
 + Level 2.2 Ranged Weapons
 + Level 2.2 Throwing
 + Level 2.2 Armour
 + Level 5.1 Dodging
 + Level 2.2 Stealth
 + Level 2.2 Shields
 + Level 2.2 Unarmed Combat
 + Level 5.5 Spellcasting
 + Level 5.7 Conjurations
 + Level 1.8 Hexes
 + Level 1.8 Summonings
 + Level 1.8 Necromancy
 + Level 1.8 Translocations
 + Level 1.8 Transmutations
 + Level 1.8 Fire Magic
 + Level 1.8 Ice Magic
 + Level 1.8 Air Magic
 + Level 1.8 Earth Magic
 + Level 1.8 Poison Magic
 + Level 2.5 Invocations
 + Level 2.2 Evocations


You had 14 spell levels left.
You knew the following spells:

 Your Spells              Type           Power      Damage    Failure   Level
a - Kiss of Death         Conj/Necr      52%        2d9       24%         1
b - Magic Dart            Conj           72%        1d6       11%         1

Your spell library contained the following spells:

 Spells                   Type           Power      Damage    Failure   Level
 Momentum Strike          Conj/Tloc      26%        3d8       34%         2
 Hailstorm                Conj/Ice       13%        3d5       56%         3
 Call Imp                 Summ           16%        N/A       63%         2
 Wereblood                Tmut           8%         N/A       63%         2
 Mephitic Cloud           Conj/Pois/Air  11%        N/A       67%         3
 Petrify                  Tmut/Erth      8%         N/A       99%         4
 Blade Hands              Tmut           4%         N/A       100%        5


Dungeon Overview and Level Annotations

Branches:
Dungeon (5/15)              Sewer (visited)
 Temple: D:4-7

Altars:
Cheibriados
Gozag
Ru
Zin

Shops:
D:2 [


Innate Abilities, Weirdness & Mutations

You have very sharp teeth.
Your uncanny sense of smell can sniff out nearby items.
Your experience applies equally to all skills.


Message History

The orc hits you but does no damage.
The orc wizard hits you but does no damage.
Something completely misses you.
You hit the ogre.
The ogre is lightly wounded.
The ogre closely misses you. Something hits you.
The orc hits you with a +0 short sword.
The orc wizard hits you but does no damage.
You hit the orc wizard but do no damage.
The orc wizard is moderately wounded.
You block the orc's attack. Something hits you but does no damage.
The orc wizard hits you but does no damage.
The ogre hits you with a +0 giant club.
* * * LOW HITPOINT WARNING * * *
The orc wizard attacks as you move away!
The orc wizard barely misses you. The orc hits you but does no damage.
You hit the orc wizard.
The orc wizard is moderately wounded.
Something hits you but does no damage. The orc hits you but does no damage.
The orc wizard hits you but does no damage.
You hit the orc wizard.
The orc wizard is moderately wounded.
You block the ogre's attack. Something hits you but does no damage.
The orc hits you but does no damage.
The orc wizard hits you but does no damage.
You closely miss the orc wizard.
The orc wizard is moderately wounded.
You hit the orc wizard but do no damage.
The orc wizard is moderately wounded.
The orc closely misses you. Something hits you.
* * * LOW HITPOINT WARNING * * *
The orc wizard seems to be listening.
The orc wizard hits you but does no damage.
The ogre barely misses you.
You barely miss the orc wizard.
The orc wizard is moderately wounded.
You block the orc's attack. Something hits you but does no damage.
The orc wizard hits you but does no damage.
The ogre hits you with a +0 giant club!!
You die...

...##..####.###..# #...........##
.#.##..# #.# #..# #..#....>....#
....#..# #.# #..# #..#..........
.......####.###..###..#..........
....#............##...#..........
.................................
<.................)..............
)..............Oo[...............
...............o@...........##...
................#.##.####........
..#.......<.......##.# #####....
..#.............####.## #....
#...#...........###...# ##...
#......)..............# ##..
............#.#.###...##### ###
...#............###.......######
##.##.._......<........##......#


You could see an ogre, an orc wizard and an orc.

Vanquished Creatures
  A scorpion (D:4)
  2 hounds
  An iguana (D:4)
  An orc wizard (D:2)
  Robin (D:3)
  10 adders
  3 river rats
  A white imp (D:4)
  A worm (D:2)
  5 orcs
  5 ball pythons
  11 endoplasms
  4 giant cockroaches
  17 goblins
  10 hobgoblins
  13 kobolds
  7 quokkas
  5 bats
  4 frilled lizards
  10 rats
112 creatures vanquished.

Vanquished Creatures (others)
  30 plants
30 creatures vanquished.

Grand Total: 142 creatures vanquished

Notes
Turn   | Place    | Note
-------+----------+-------------------------------------------
     0 | D:1      | subawu the Gnoll Reaver began the quest for the Orb.
     0 | D:1      | Reached XP level 1. HP: 20/20 MP: 6/6
   290 | D:1      | Reached XP level 2. HP: 22/23 MP: 5/7
   486 | D:1      | Got the Handbook of the Gargoyle and Configuration
   754 | D:1      | Reached skill level 5 in Spellcasting
   754 | D:1      | Reached XP level 3. HP: 30/30 MP: 7/9
  1389 | D:2      | Reached skill level 1 in Invocations
  1576 | D:2      | Reached skill level 1 in Short Blades
  1576 | D:2      | Reached skill level 1 in Axes
  1576 | D:2      | Reached skill level 1 in Maces & Flails
  1576 | D:2      | Reached skill level 1 in Polearms
  1576 | D:2      | Reached skill level 1 in Staves
  1576 | D:2      | Reached skill level 1 in Ranged Weapons
  1576 | D:2      | Reached skill level 1 in Throwing
  1576 | D:2      | Reached skill level 1 in Armour
  1576 | D:2      | Reached skill level 1 in Stealth
  1576 | D:2      | Reached skill level 1 in Shields
  1576 | D:2      | Reached skill level 1 in Unarmed Combat
  1576 | D:2      | Reached skill level 1 in Evocations
  1701 | D:2      | Reached XP level 4. HP: 32/38 MP: 11/11
  1767 | D:2      | Found Settur's Antique Armour Emporium.
  1971 | D:2      | Reached skill level 1 in Hexes
  1971 | D:2      | Reached skill level 1 in Summonings
  1971 | D:2      | Reached skill level 1 in Necromancy
  1971 | D:2      | Reached skill level 1 in Translocations
  1971 | D:2      | Reached skill level 1 in Transmutations
  1971 | D:2      | Reached skill level 1 in Fire Magic
  1971 | D:2      | Reached skill level 1 in Ice Magic
  1971 | D:2      | Reached skill level 1 in Air Magic
  1971 | D:2      | Reached skill level 1 in Earth Magic
  1971 | D:2      | Reached skill level 1 in Poison Magic
  2633 | D:3      | Found a glowing drain.
  2654 | D:3      | Reached XP level 5. HP: 22/40 MP: 10/12
  2730 | Sewer    | Entered a sewer
  4259 | D:3      | Reached XP level 6. HP: 43/45 MP: 14/14
  4471 | D:3      | Found a glowing silver altar of Zin.
  4785 | D:4      | Reached skill level 5 in Fighting
  4785 | D:4      | Reached skill level 5 in Dodging
  4787 | D:4      | Found an opulent altar of Gozag.
  4806 | D:4      | Found a snail-covered altar of Cheibriados.
  4992 | D:4      | Learned a level 1 spell: Magic Dart
  5230 | D:4      | Found a sacrificial altar of Ru.
  5368 | D:4      | Noticed Robin
  5426 | D:3      | Killed Robin
  5987 | D:5      | Entered Level 5 of the Dungeon
  6086 | D:4      | Mangled by an ogre

Illustrated notes

Levels and vault maps discovered:
D:1:      minmay_arrival_wavy_path, layout_basic
D:2:      layout_rooms, serial_shops, nicolae_shop_real_fake_doors
D:3:      layout_loops_ring, zin_statuary, portal_sewer_entry_b,
          chequers_big_river
D:4:      layout_rooms, chequers_temple_overflow_statue_of_worship,
          mainiacjoe_overflow_alcove_1, uniq_robin
D:5:      layout_cave_pools, nicolae_figureground_sparkle, uniq_ijyb

Skill      XL: |  1  2  3  4  5  6 |
---------------+-------------------+-----
Spellcasting   | 5 |  5.5
Invocations    | 1 2 |  2.5
Short Blades   | 1 2 |  2.2
Axes           | 1 2 |  2.2
Maces & Flails | 1 2 |  2.2
Polearms       | 1 2 |  2.2
Staves         | 1 2 |  2.2
Ranged Weapons | 1 2 |  2.2
Throwing       | 1 2 |  2.2
Armour         | 1 2 |  2.2
Stealth        | 1 2 |  2.2
Shields        | 1 2 |  2.2
Unarmed Combat | 1 2 |  2.2
Evocations     | 1 2 |  2.2
Hexes          | 1 |  1.8
Summonings     | 1 |  1.8
Necromancy     | 1 |  1.8
Translocations | 1 |  1.8
Transmutations | 1 |  1.8
Fire Magic     | 1 |  1.8
Ice Magic      | 1 |  1.8
Air Magic      | 1 |  1.8
Earth Magic    | 1 |  1.8
Poison Magic   | 1 |  1.8
Fighting       | 5 |  5.1
Dodging        | 5 |  5.1
Long Blades    | |  6.9
Conjurations   | |  5.7

Action                     |  1- 3 |  4- 6 || total
---------------------------+-------+-------++-------
  Melee: Falchion          |   148 |     1 ||   149
         Bite              |    11 |    44 ||    55
         Punch             |     1 |     9 ||    10
         Dagger            |       |   488 ||   488
   Cast: Kiss of Death     |     1 |     5 ||     6
  Evoke: Wand              |       |     1 ||     1
    Use: Scroll            |     4 |    10 ||    14
         Potion            |       |     1 ||     1
 Armour: Leather armour    |    11 |       ||    11
         Scale mail        |    83 |   344 ||   427
  Dodge: Dodged            |   128 |   294 ||   422
  Block: Buckler           |       |    19 ||    19

Table legend: (Time is in decaauts)
 A = Elapsed time spent in this place.
 B = Non-inter-level travel time spent in this place.
 C = Inter-level travel time spent in this place.
 D = Time resting spent in this place.
 E = Time spent auto-exploring this place.
 F = Levels seen in this place.
 G = Mean time per level.
                   A        B        C        D        E       F      G
               +--------+--------+--------+--------+--------+-----+--------+
         Total |   6301 |   5866 |    435 |    651 |      0 |   6 | 1050.2 |
       Dungeon |   4799 |   4364 |    435 |    482 |      0 |   5 |  959.8 |
         Sewer |   1501 |   1501 |      0 |    169 |      0 |   1 | 1501.0 |
               +--------+--------+--------+--------+--------+-----+--------+

Top non-repeatable levels by time:
   Sewer: 1501 daAuts
     D:1: 1347 daAuts
     D:3: 1256 daAuts
     D:4: 1251 daAuts
     D:2: 932 daAuts
     D:5: 11 daAuts
